 Dungeon Crawl Stone Soup version 0.24.0-125-gc4c63601f3 (webtiles) character file.

Game seed: 6677760919399917454, levelgen mode: deterministic

34249 Mamentiras the Bludgeoner (level 13, -8/118 HPs)
             Began as a Minotaur Fighter on Feb 22, 2020.
             Was a High Priest of the Shining One.
             Mangled by a death yak (9 damage)
             ... on level 6 of the Lair of Beasts on Feb 24, 2020.
             The game lasted 02:14:23 (14788 turns).

Mamentiras the Bludgeoner (Minotaur Fighter)       Turns: 14788, Time: 02:14:24

Health: -8/118     AC: 18    Str: 33    XL:     13   Next: 41%
Magic:  0/15       EV: 11    Int: 15    God:    the Shining One [*****.]
Gold:   1298       SH: 14    Dex: 19    Spells: 12/12 levels left

rFire    + . .     SeeInvis +   J - +7 morningstar of Dominance {flame, MR- Dex+9 SInv}
rCold    . . .     Gourm    .   c - +0 shield
rNeg     + + .     Faith    .   H - +6 ring mail "Gynuts" {Str+7 Int+6}
rPois    .         Spirit   +   x - +3 crown of Dyrovepreva {rElec Int+2 SInv}
rElec    +         Reflect  .   B - scarf {Spirit}
rCorr    .         Harm     .   D - +0 pair of gloves
MR       .....                  (no boots)
Stlth    +.........             Q - amulet of regeneration
HPRegen  0.69/turn              w - ring of fire
MPRegen  0.14/turn              q - ring of protection from magic

@: glowing, lightly drained
A: retaliatory headbutt, horns 2, clever 1, cold resistance 1
a: Divine Shield, Cleansing Flame, Summon Divine Warrior, Renounce Religion


You were on level 6 of the Lair of Beasts.
You worshipped the Shining One.
The Shining One was extremely pleased with you.
You were not hungry.

You visited 3 branches of the dungeon, and saw 18 of its levels.
You also visited: Ice Cave.

You collected 1298 gold pieces.

Inventory:

Hand Weapons
 r - a +1 battleaxe of chopping
 E - the +3 hand axe of Magnificence {chop, *Drain rC+ Str+9}
   (You found it on level 5 of the Lair of Beasts)

   It inflicts extra damage upon your enemies.
   It affects your strength (+9).
   It protects you from cold.
   It causes draining when unequipped.
 G - a +1 hand axe of freezing
 J - the +7 morningstar of Dominance (weapon) {flame, MR- Dex+9 SInv}
   (You found it on level 1 of the Lair of Beasts)

   It has been specially enchanted to burn those struck by it, causing extra
   injury to most foes and up to half again as much damage against particularly
   susceptible opponents.
   It affects your dexterity (+9).
   It affects your resistance to hostile enchantments.
   It lets you see invisible.
 L - a +5 battleaxe of chopping
 M - a +4 dire flail of protection
 P - the +7 war axe of the Endless Expanse {chop, rF- Str+4 SInv}
   (You found it on level 9 of the Dungeon)

   It inflicts extra damage upon your enemies.
   It affects your strength (+4).
   It makes you vulnerable to fire.
   It lets you see invisible.
 V - a +1 hand axe of flaming
 W - a +5 morningstar of protection
Armour
 c - a +0 shield (worn)
 s - a +1 plate armour
 x - the +3 crown of Dyrovepreva (worn) {rElec Int+2 SInv}
   (You found it on level 4 of the Dungeon)

   It affects your intelligence (+2).
   It insulates you from electricity.
   It lets you see invisible.
 B - a scarf of spirit shield (worn)
 D - a +0 pair of gloves (worn)
 F - a +2 scale mail of positive energy
 H - the +6 ring mail "Gynuts" (worn) {Str+7 Int+6}
   (You found it on level 4 of the Lair of Beasts)

   It affects your strength (+7).
   It affects your intelligence (+6).
 N - a scarf of resistance
Jewellery
 a - an uncursed ring of resist corrosion
 m - an uncursed ring of magical power
 q - a ring of protection from magic (right hand)
 w - a ring of fire (left hand)
 y - an uncursed ring of see invisible
 C - an uncursed ring of protection from cold
 K - an uncursed amulet of the gourmand
 Q - an amulet of regeneration (around neck)
Wands
 l - a wand of disintegration (6)
 A - a wand of polymorph (13)
 O - a wand of acid (15)
 U - a wand of digging (14)
Scrolls
 b - a scroll of enchant weapon
 o - 5 scrolls of fear
 z - 3 scrolls of remove curse
 S - a scroll of fog
 T - a scroll of silence
Potions
 g - 4 potions of cancellation
 h - 6 potions of curing
 i - 5 potions of brilliance
 k - 4 potions of heal wounds
 n - 6 potions of lignification
 p - a potion of magic {unknown}
 u - 6 potions of haste
 v - a potion of resistance
 I - a potion of mutation
 Y - a potion of flight {unknown}
 Z - 2 potions of agility {unknown}
Miscellaneous
 t - a phantom mirror
Comestibles
 f - 23 rations


   Skills:
 + Level 12.2(11.8) Fighting
 - Level 16.0(15.4) Maces & Flails
 * Level 14.3(13.8) Armour
 - Level 1.9(1.6) Dodging
 - Level 0.9(0.5) Stealth
 + Level 10.4(10.0) Shields
 + Level 5.0(4.6) Invocations


You had 12 spell levels left.
You didn't know any spells.
Your spell library contained the following spells:

 Spells                   Type           Power        Failure   Level  Hunger
 Apportation              Tloc           #.....       54%         1    ##.....
 Corona                   Hex            #......      54%         1    ##.....
 Magic Dart               Conj           #...         54%         1    ##.....
 Summon Butterflies       Summ           #.......     54%         1    ##.....
 Blink                    Tloc           N/A          69%         2    ###....
 Call Imp                 Summ           #.......     69%         2    ###....
 Ensorcelled Hibernation  Hex/Ice        #.....       69%         2    ###....
 Slow                     Hex            #.......     69%         2    ###....
 Confuse                  Hex            #.......     89%         3    ####...
 Conjure Flame            Conj/Fire      #.......     89%         3    ####...
 Dazzling Spray           Conj/Hex       #.....       89%         3    ####...
 Lesser Beckoning         Tloc           #.........   89%         3    ####...
 Mephitic Cloud           Conj/Pois/Air  #.......     89%         3    ####...
 Tukima's Dance           Hex            #.......     89%         3    ####...
 Alistair's Intoxication  Tmut/Pois      #.......     100%        5    ######.
 Invisibility             Hex            #.......     100%        6    #######


Dungeon Overview and Level Annotations

Branches:
Dungeon (11/15)            Temple (1/1) D:5            Lair (6/6) D:8
 Shoals (0/4) Lair:3        Snake (0/4) Lair:4          Orc (0/2) D:11
  IceCv (visited)
  Slime: Lair:5-6

Altars:
Ashenzari
Cheibriados
Dithmenos
Elyvilon
Fedhas
Gozag
Hepliaklqana
Kikubaaqudgha
Makhleb
Nemelex Xobeh
Okawaru
Qazlal
Ru
Sif Muna
Trog
Uskayaw
Vehumet
Wu Jian
Xom
Yredelemnul
Zin
The Shining One

Annotations:
D:4 1 runed translucent door
D:11 Erolcha
Lair:5 exclusion: 2 oklob plants
Lair:6 1 transporter, Ziqic's ghost, adept VSFi


Innate Abilities, Weirdness & Mutations

You reflexively headbutt those who attack you in melee.
You have a pair of horns on your head.
Your mind is acute. (Int +2)
Your flesh is cold resistant. (rC+)


Message History

The death yak is severely wounded.
You puncture the death yak! You burn the death yak. You headbutt the death yak.
The death yak is almost dead.
You block the death yak's attack. The death yak gores you!
* * * LOW HITPOINT WARNING * * *
You bludgeon the death yak!! You burn the death yak.
You kill the death yak!
The death yak misses you.
You sock the death yak! You burn the death yak.
Your headbutt misses the death yak.
The death yak is lightly wounded.
You hit the death yak. You burn the death yak. You headbutt the death yak.
The death yak is moderately wounded.
The death yak gores you but does no damage.
The death yak gores you!
* * * LOW HITPOINT WARNING * * *
You sock the death yak! You burn the death yak. You headbutt the death yak.
The death yak is heavily wounded.
The death yak barely misses you. The death yak gores you!
You die...

.. ≈P♣P♣......♣♣.♣♣♣♣##...... #.♣
♣.♣...♣♣♣♣P♣♣.♣..........
#..♣♣♣♣♣♣...♣P..♣♣........?.....
#...♣♣P♣...♣♣♣♣♣P.♣♣............
#...♣♣[.†.♣♣♣♣♣.# # ##...#......
###............♣.####...#...$...
#..............##.........†.....
##.............##Y...............
#...P.........P.@Y#####...†##.#..
#......#..#.....###.©.###..# ..
##.....#...##...#.......##..# .#
#####.##.##....#...#.#..#..# .
##...####....#...#.#..#....
#....# ###.##.#.... ##.....
###.## ##.#.#...#. ..P... ##..#
#P.# ©.[ #..### ##..## ..#


You could see 2 death yaks.

Vanquished Creatures
  3 hydras
  A two-headed ogre (D:10)
  The ghost of Qecsiah the Cleaver, a novice MiFi of Yredelemnul (Lair:1)
  3 death yaks (Lair:6)
  3 fire crabs (Lair:5)
  2 unseen horrors (D:10)
  A manticore (Lair:3)
  4 elephants (Lair:3)
  2 black mambas
  Psyche (D:8)
  The ghost of MisterT the Chopper, a novice HOFi of Beogh (D:4)
  6 gargoyles
  9 spiny frogs
  A komodo dragon (Lair:3)
  A rime drake (Lair:1)
  Prince Ribbit (D:8)
  7 polar bears
  Grinder (D:6)
  10 blink frogs
  6 hippogriffs
  2 fire elementals (Lair:5)
  23 yaks
  Edmund (D:6)
  2 vampire mosquitoes (D:9)
  Menkaure (D:6)
  A naga (Lair:4)
  10 water moccasins
  9 porcupines
  A hell hound (Lair:5)
  Duvessa (D:7)
  2 ice beasts
  4 sky beasts
  2 black bears
  2 ogres
  4 orc warriors
  2 phantoms
  5 wolves (IceCv)
  3 centaurs
  16 crocodiles
  13 bullfrogs
  Dowan (D:7)
  2 scorpions
  6 killer bees (D:10)
  2 electric eels (Lair:1)
  8 howler monkeys
  9 crimson imps
  A bullfrog zombie (D:6)
  4 hounds
  2 jellies
  A gnoll shaman (D:5)
  2 bullfrog skeletons
  2 orc priests
  19 orc wizards
  4 centaur skeletons
  Jessica (D:3)
  3 iguanas
  5 worker ants
  Ijyb (D:5)
  A hound zombie (D:10)
  A hound skeleton (D:6)
  A worker ant zombie (D:8)
  10 adders
  4 gnolls (D:5)
  4 river rats
  7 shadow imps
  An ooze (D:1)
  2 adder skeletons
  3 worms
  2 dart slugs
  3 leopard geckos
  44 orcs
  4 ball pythons
  8 bats
  4 giant cockroaches
  7 hobgoblins
  19 jackals
  4 quokkas
  6 frilled lizards
  4 goblins
  7 kobolds
  A leopard gecko zombie (D:7)
  A quokka skeleton (D:4)
  A quokka zombie (D:5)
  8 rats
  3 bushes
  16 fungi
  28 plants
445 creatures vanquished.

Vanquished Creatures (others)
  3 fungi
  A plant (Lair:3)
4 creatures vanquished.

Grand Total: 449 creatures vanquished

Notes
Turn   | Place    | Note
-------+----------+-------------------------------------------
     0 | D:1      | Mamentiras the Minotaur Fighter began the quest for the
                  | Orb.
     0 | D:1      | Reached XP level 1. HP: 19/19 MP: 0/0
   299 | D:1      | Reached XP level 2. HP: 20/27 MP: 1/1
   901 | D:1      | Reached XP level 3. HP: 32/33 MP: 2/2
  1284 | D:2      | Reached skill level 3 in Maces & Flails
  1407 | D:2      | Found a glowing golden altar of the Shining One.
  1425 | D:2      | Became a worshipper of the Shining One
  2075 | D:3      | Reached XP level 4. HP: 40/40 MP: 3/3
  2149 | D:3      | Noticed Jessica
  2156 | D:3      | Killed Jessica
  2156 | D:3      | Reached skill level 4 in Maces & Flails
  2204 | D:3      | Reached XP level 5. HP: 46/46 MP: 4/4
  2359 | D:3      | Reached skill level 5 in Armour
  2383 | D:3      | Found a bloodstained altar of Trog.
  2444 | D:4      | Found the +3 crown of Dyrovepreva {rElec Int+2 SInv}
  2452 | D:4      | Reached skill level 1 in Dodging
  2477 | D:4      | Reached skill level 5 in Shields
  2479 | D:4      | Reached XP level 6. HP: 27/52 MP: 5/5
  2714 | D:4      | Found a runed translucent door.
  2724 | D:4      | Noticed MisterT's ghost (novice HOFi)
  2761 | D:4      | Killed MisterT's ghost
  2761 | D:4      | Reached skill level 5 in Maces & Flails
  2761 | D:4      | Reached XP level 7. HP: 21/60 MP: 6/6
  2777 | D:4      | Found a runed translucent door.
  3024 | D:4      | Reached skill level 6 in Maces & Flails
  3155 | D:4      | Reached * piety under the Shining One
  3572 | D:5      | Entered Level 5 of the Dungeon
  3695 | D:5      | Got a shimmering rapier
  3774 | D:5      | Found a staircase to the Ecumenical Temple.
  3783 | Temple   | Entered the Ecumenical Temple
  4023 | D:5      | Reached skill level 5 in Fighting
  4023 | D:5      | Reached XP level 8. HP: 67/68 MP: 7/7
  4047 | D:5      | Found an ornate altar of the Wu Jian Council.
  4158 | D:5      | Noticed Ijyb
  4168 | D:5      | Killed Ijyb
  4517 | D:5      | Reached skill level 7 in Maces & Flails
  4698 | D:5      | Found a sacrificial altar of Ru.
  4936 | D:6      | Noticed Grinder
  4936 | D:6      | Reached ** piety under the Shining One
  4954 | D:6      | Killed Grinder
  4954 | D:6      | Reached skill level 8 in Maces & Flails
  5260 | D:6      | Noticed Edmund
  5276 | D:6      | Killed Edmund
  5423 | D:6      | Found a shattered altar of Ashenzari.
  5493 | D:6      | Reached skill level 9 in Maces & Flails
  5566 | D:6      | Noticed Menkaure
  5567 | D:6      | Found a hide-covered altar of Uskayaw.
  5573 | D:6      | Killed Menkaure
  5573 | D:6      | Reached XP level 9. HP: 35/75 MP: 8/8
  6002 | D:7      | Reached skill level 10 in Maces & Flails
  6183 | D:7      | Found a shadowy altar of Dithmenos.
  6222 | D:7      | Found a sparkling altar of Nemelex Xobeh.
  6290 | D:7      | Noticed Dowan
  6290 | D:7      | Noticed Duvessa
  6305 | D:7      | Killed Duvessa
  6305 | D:7      | Reached skill level 11 in Maces & Flails
  6328 | D:7      | Killed Dowan
  6597 | D:8      | Found a staircase to the Lair.
  6600 | D:8      | Found a basalt altar of Yredelemnul.
  6602 | D:8      | Noticed Psyche
  6610 | D:8      | Killed Psyche
  6610 | D:8      | Reached skill level 12 in Maces & Flails
  7070 | D:8      | Noticed Prince Ribbit
  7092 | D:8      | Reached skill level 13 in Maces & Flails
  7122 | D:8      | Found a hazy altar of Hepliaklqana.
  7268 | D:8      | You fall into a shaft and drop 3 floors!
  7269 | D:11     | Noticed Erolcha
  7280 | D:11     | HP: 2/75 [wight/+0 halberd (8)]
  7390 | D:11     | Reached *** piety under the Shining One
  7407 | D:11     | Reached XP level 10. HP: 83/83 MP: 9/9
  7559 | D:11     | Noticed a gargoyle
  7607 | D:11     | Killed a gargoyle
  7607 | D:11     | Reached skill level 14 in Maces & Flails
  7721 | D:11     | Was placed under penance by the Shining One
  7783 | D:11     | Found a staircase to the Orcish Mines.
  7835 | D:10     | Entered Level 10 of the Dungeon
  7835 | D:10     | Was forgiven by the Shining One
  8115 | D:10     | Reached **** piety under the Shining One
  8115 | D:10     | Noticed an unseen horror
  8124 | D:10     | Killed an unseen horror
  8133 | D:10     | Reached XP level 11. HP: 78/93 MP: 10/10
  8205 | D:10     | Noticed an unseen horror
  8210 | D:10     | Killed an unseen horror
  8210 | D:10     | Reached skill level 15 in Maces & Flails
  8262 | D:10     | Noticed a two-headed ogre
  8275 | D:10     | Killed a two-headed ogre
  8653 | D:9      | Got a pitted war axe
  9066 | D:9      | Found a shimmering blue altar of Sif Muna.
  9344 | D:8      | Reached skill level 10 in Armour
  9580 | D:8      | Killed Prince Ribbit
  9587 | Lair:1   | Entered Level 1 of the Lair of Beasts
  9609 | Lair:1   | Reached ***** piety under the Shining One
 10026 | Lair:1   | Found a frozen archway.
 10040 | IceCv    | Entered an ice cave
 10104 | IceCv    | Reached skill level 16 in Maces & Flails
 10354 | Lair:1   | Got a warped morningstar
 10362 | Lair:1   | Reached skill level 1 in Invocations
 10466 | Lair:1   | Found a runed translucent door.
 10466 | Lair:1   | Noticed an eight-headed hydra
 10466 | Lair:1   | Noticed Qecsiah's ghost (novice MiFi)
 10489 | Lair:1   | Killed an eight-headed hydra
 10505 | Lair:1   | Killed Qecsiah's ghost
 10505 | Lair:1   | Reached XP level 12. HP: 56/106 MP: 12/12
 11192 | Lair:2   | Reached skill level 10 in Fighting
 11758 | Lair:3   | Noticed a five-headed hydra
 11769 | Lair:3   | Killed a five-headed hydra
 12091 | Lair:3   | Identified the +7 morningstar of Dominance {flame, MR-
                  | Dex+9 SInv} (You found it on level 1 of the Lair of Beasts)
 12098 | Lair:3   | Identified the +7 war axe of the Endless Expanse {chop, rF-
                  | Str+4 SInv} (You found it on level 9 of the Dungeon)
 12304 | Lair:3   | Found a staircase to the Shoals.
 12741 | Lair:4   | Got a transparent ring mail
 12742 | Lair:4   | Identified the +6 ring mail "Gynuts" {Str+7 Int+6} (You
                  | found it on level 4 of the Lair of Beasts)
 12756 | Lair:4   | Found a staircase to the Snake Pit.
 13322 | Lair:5   | Reached XP level 13. HP: 98/116 MP: 12/15
 13506 | Lair:5   | Found a transporter.
 14056 | Lair:5   | Found a transporter.
 14403 | Lair:5   | Got an ichor-stained hand axe
 14459 | Lair:6   | Entered Level 6 of the Lair of Beasts
 14528 | Lair:6   | Reached skill level 10 in Shields
 14555 | Lair:6   | Identified the cursed +3 hand axe of Magnificence {chop,
                  | *Drain rC+ Str+9} (You found it on level 5 of the Lair of
                  | Beasts)
 14704 | Lair:6   | Gained mutation: Your mind is acute. (Int +2) [potion of
                  | mutation]
 14704 | Lair:6   | Gained mutation: Your flesh is cold resistant. (rC+)
                  | [potion of mutation]
 14704 | Lair:6   | Gained mutation: You are frail. (-10% HP) [potion of
                  | mutation]
 14704 | Lair:6   | Lost mutation: You are frail. (-10% HP) [potion of
                  | mutation]
 14729 | Lair:6   | Noticed Ziqic's ghost (adept VSFi)
 14742 | Lair:6   | Found a transporter.
 14763 | Lair:6   | Reached skill level 5 in Invocations
 14787 | Lair:6   | HP: 1/118 [death yak (8)]
 14788 | Lair:6   | Mangled by a death yak

Levels and vault maps discovered:
D:1:      kilobyte_arrival_exit_the_forest, layout_basic, skrybe_limestone_x,
          minmay_stone_trees_small, grunt_decor_mini_mirrors
D:2:      layout_basic, nicolae_overflow_crystal_walls, roderic_lattice_a,
          corner_web_ring
D:3:      layout_rooms, lightli_temple_of_fire, uniq_jessica
D:4:      layout_loops_ring, ebering_ghost_sewer_f,
          minmay_a_box_with_orc_wizards_in_it
D:5:      layout_loops_ring, kennysheep_mini, minmay_temple_entry_junction_2,
          first_ration, nicolae_ru_path_of_blood, uniq_ijyb
D:6:      layout_basic, old_standard_altar, eat_drink_and_be_merry_uskayaw,
          portal_sewer_entry_b, hangedman_decor_peaks_small, minmay_checkerbox,
          uniq_menkaure, uniq_grinder, uniq_edmund
D:7:      layout_loops_ring, nemelex_xobeh_ov_fountains_minmay,
          old_standard_altar, hex_tiny, uniq_duvessa
D:8:      cheibrodos_statue_roulette, layout_loops_ring,
          yredelemnul_altar_generic, lemuel_doored_altar, uniq_psyche,
          uniq_prince_ribbit1
D:9:      layout_loops_ring, led_sif_book
D:10:     layout_gridville
D:11:     layout_loops_cross, hiddenorc2_lemuel, basic_altar,
          gammafunk_ghost_spectres, uniq_erolcha, uniq_fannar
Temple:   chequers_temple_sunken
Lair:1:   layout_regular_city, portal_ice_cave_entry_pillars_2,
          ebering_ghost_inner_flame, dpeg_stationary_puzzle
Lair:2:   layout_gridlike, serial_bayou_shore_a, grunt_megastairs_3
Lair:3:   layout_chaotic_city, minmay_shoals_entry_beasts
Lair:4:   layout_cave_shapes, guppyfry_snake_entry_garden
Lair:5:   gammafunk_cloud_chamber, layout_loops_ring, minmay_lair_oklob_chamber
Lair:6:   hangedman_lair_in_review, layout_cave_pods, slime_dummy,
          gammafunk_ghost_berserking_beasts, wad_woods_road_05

Skill      XL: |  1  2  3  4  5  6  7  8  9 10 11 12 13 |
---------------+----------------------------------------+-----
Armour         | 4 5 6 7 8 11 13 14 | 14.3
Shields        | 4 5 6 7 8 9 10 | 10.4
Maces & Flails | 3 4 5 6 9 13 14 16 | 16.0
Fighting       | 4 5 6 7 9 11 12 | 12.2
Dodging        | 1 |  1.9
Invocations    | 2 4 5 |  5.0
Stealth        | |  0.9

Action                   |  1- 3 |  4- 6 |  7- 9 | 10-12 | 13-15 || total
-------------------------+-------+-------+-------+-------+-------++-------
Melee: Flail             |   178 |   104 |   351 |   101 |       ||   734
       Headbutt          |    33 |    13 |    68 |   183 |    46 ||   343
       Morningstar       |       |       |       |   623 |   107 ||   730
Throw: Dart              |       |       |       |     2 |       ||     2
Invok: Divine Shield     |       |       |       |     7 |       ||     7
Evoke: Wand              |       |       |     1 |     3 |       ||     4
  Use: Scroll            |     7 |     1 |    10 |    12 |     2 ||    32
       Potion            |       |       |     3 |       |     2 ||     5
  Eat: Chunk             |     4 |     2 |    28 |     9 |     5 ||    48
       Ration            |       |       |       |     1 |     1 ||     2
Armor: Scale mail        |    70 |       |       |       |       ||    70
       Plate armour      |    46 |    61 |   145 |   291 |       ||   543
       Ring mail         |       |       |       |     4 |    30 ||    34
Dodge: Dodged            |    52 |    21 |    69 |   157 |    27 ||   326
Block: Shield            |    96 |    51 |   170 |   109 |    52 ||   478
       Other             |       |       |       |     5 |       ||     5
